 Dungeon Sprint DCSS version 0.20-a0-640-g62ed22f (webtiles) character file.

54 esc the Arsonist (level 8, -5/60 HPs)
             Began as an Octopode Fire Elementalist on Feb 12, 2017.
             Was an Elder of Sif Muna.
             Slain by an earth elemental (40 damage)
             ... in the Dungeon (Sprint VI: "Thunderdome").
             The game lasted 00:05:53 (431 turns).

esc the Arsonist (Octopode Fire Elementalist)        Turns: 431, Time: 00:05:54

Health: -5/60      AC:  1    Str: 13    XL:     8   Next: 44%
Magic:  28/28      EV: 27    Int: 24    God:    Sif Muna [****..]
Gold:   10         SH:  0    Dex: 27    Spells: 18/21 levels left

rFire    + . .     SeeInvis +   (no weapon)
rCold    + . .     Gourm    .   (no shield)
rNeg     + . .     Faith    .   (helmet restricted)
rPois    +         Spirit   .   o - amulet "Xiecwil" {rPois rN+ Regen+ MP+9 Str-2}
rElec    .         Reflect  .   m - ring of Oqacvop {*Corrode MR+ Int+5 Stlth+}
rCorr    +         Harm     .   n - ring of Darkness {rPois Slay+3 SInv}
MR       ++...     NoTele   +   p - ring "Fuihecyu" {+Blink rF+ MR+ EV+5}
Stlth    ++++++....             t - ring of Balance {Str+6 Dex+6 Slay+5 Stlth+}
Regen    0.6/turn               s - ring "Koreziq" {rCorr rC+ Str+2 Dex+8 Slay-2}
MPRegen  0.3/turn               (no ring)
                                (no ring)
                                (no ring)

@: very slightly contaminated, hasted, very quick
A: almost no armour, stealthy swim, amphibious, 8 rings, constrict 8, camouflage
1, gelatinous body 1
a: Divine Energy, Channel Magic, Forget Spell, Renounce Religion, Evoke Blink


You were in the Dungeon.
You worshipped Sif Muna.
Sif Muna was greatly pleased with you.
You were not hungry.

You visited 1 branch You collected 280 gold pieces.
You spent 270 gold pieces at shops.

Inventory:

Hand Weapons
 r - a +0 whip
   (You took it off an orc in the Dungeon)
Jewellery
 m - the ring of Oqacvop (left tentacle) {*Corrode MR+ Int+5 Stlth+}
   (You bought it in a shop in the Dungeon)

   [ring of protection from magic]

   It affects your intelligence (+5).
   It affects your resistance to hostile enchantments.
   It may corrode you when you take damage.
   It makes you more stealthy.
 n - the ring of Darkness (right tentacle) {rPois Slay+3 SInv}
   (You bought it in a shop in the Dungeon)

   [ring of see invisible]

   It affects your accuracy and damage with ranged weapons and melee attacks
   (+3).
   It protects you from poison.
   It lets you see invisible.
 o - the amulet "Xiecwil" (around mantle) {rPois rN+ Regen+ MP+9 Str-2}
   (You bought it in a shop in the Dungeon)

   [amulet of regeneration]

   It affects your strength (-2).
   It protects you from poison.
   It protects you from negative energy.
   It affects your magic capacity (+9).
   It increases your rate of regeneration.
 p - the ring "Fuihecyu" (on tentacle) {+Blink rF+ MR+ EV+5}
   (You bought it in a shop in the Dungeon)

   [ring of evasion]

   It affects your evasion (+5).
   It protects you from fire.
   It affects your resistance to hostile enchantments.
   It lets you blink.
 s - the ring "Koreziq" (on tentacle) {rCorr rC+ Str+2 Dex+8 Slay-2}
   (You bought it in a shop in the Dungeon)

   [ring of resist corrosion]

   It affects your strength (+2).
   It affects your dexterity (+8).
   It affects your accuracy and damage with ranged weapons and melee attacks
   (-2).
   It protects you from cold.
 t - the ring of Balance (on tentacle) {Str+6 Dex+6 Slay+5 Stlth+}
   (You bought it in a shop in the Dungeon)

   [ring of stealth]

   It affects your strength (+6).
   It affects your dexterity (+6).
   It affects your accuracy and damage with ranged weapons and melee attacks
   (+5).
   It makes you more stealthy.
Wands
 i - a wand of acid (0/15)
   (You found it in the Dungeon)
 j - a wand of iceblast (0/15)
   (You found it in the Dungeon)
Scrolls
 h - 4 scrolls of blinking {!r}
 k - 3 scrolls of fog
Potions
 c - a potion of curing
 d - 4 potions of heal wounds
 e - 3 potions of haste
 f - a potion of magic
 l - 3 potions of resistance
Books
 a - a book of Flames
Comestibles
 b - a bread ration {@e1}


   Skills:
 + Level 7.5 Fighting
 + Level 8.1 Dodging
 - Level 2.6 Stealth
 + Level 7.4 Spellcasting
 + Level 7.8 Conjurations
 + Level 8.4 Fire Magic
 + Level 5.9 Invocations


You had 18 spell levels left.
You knew the following spells:

 Your Spells              Type           Power        Failure   Level  Hunger
a - Throw Flame           Conj/Fire      #####.       1%          2    None
x - Flame Tongue          Conj/Fire      #####        1%          1    None


Dungeon Overview and Level Annotations

Branches:
Dungeon (1/1)

Altars:
Cheibriados
Dithmenos
Fedhas
Gozag
Kikubaaqudgha
Makhleb
Okawaru
Qazlal
Ru
Sif Muna
Trog
Uskayaw
Vehumet
Xom
Yredelemnul
Zin
The Shining One
Beogh
Jiyva
Lugonu

Shops:
D *[%??*?*:[((!!!!


Innate Abilities, Weirdness & Mutations

You cannot wear most types of armour.
You are very stealthy in the water. (Stealth+)
You are amphibious.
You can wear up to eight rings at the same time.
You can use your tentacles to constrict eight enemies at once.
Your skin changes colour to match your surroundings (Stealth+).
Your rubbery body absorbs attacks. (AC +1, EV +1)


Message History

Your Dodging skill gained 2 levels and is now at level 7!
Your Spellcasting skill increases to level 6!
Your Conjurations skill increases to level 6!
Your Fire Magic skill increases to level 7!
Your Invocations skill gained 3 levels and is now at level 3!
You have reached level 7!
The bolt of acid misses the rust devil.
This wand has 3 charges left.
Health restored: 52 You can't see any susceptible monsters within range! (Use Z to cast anyway.)
You can't see any susceptible monsters within range! (Use Z to cast anyway.)
You can't see any susceptible monsters within range! (Use Z to cast anyway.)
Okay, then.
Unknown command.
Aim: a rust devil (almost dead)
The bolt of acid hits the rust devil.
The rust devil is splashed with acid.
The acid corrodes the rust devil!
You kill the rust devil!
Sif Muna accepts your kill.
You can now freely open your mind to new spells.
Your Fighting skill increases to level 7!
Your Spellcasting skill increases to level 7!
Your Conjurations skill increases to level 7!
Your Fire Magic skill increases to level 8!
Your Invocations skill gained 2 levels and is now at level 5!
You have reached level 8!
This wand has 2 charges left.
Health restored: 60 You start resting.
MP restored: 27
There is a sacrificial altar of Ru here.
There is an entrance to Supudiodgh's Distillery here.
Unknown command.
Okay, then.
A rust devil comes into view.
An earth elemental comes into view.
You can't see any susceptible monsters within range! (Use Z to cast anyway.) Some of the chunks of flesh in your inventory have rotted away.
Aim: a rust devil (hasn't noticed you)
The bolt of acid misses the rust devil.
The rust devil screeches!
This wand has 1 charge left.
Aim: a rust devil The bolt of acid hits the rust devil.
The rust devil is splashed with acid.
The acid corrodes the rust devil!
This wand has 0 charges left.
Okay, then.
Really quaff
g - a potion of berserk rage {!q}?
A red film seems to cover your vision as you go berserk!
You feel yourself moving faster!
You feel mighty!
You now have 90/90 hp.
You tentacle-slap the rust devil. You grab the rust devil.
You squeeze the rust devil!! You constrict the rust devil.
The rust devil hits you! The rust devil corrodes you!
You take 7 damage, and have 83/90 hp.
You bludgeon the rust devil!
You constrict the rust devil, but do no damage.
All of the chunks of flesh in your inventory have rotted away.
You tentacle-slap the rust devil.
You kill the rust devil!
Sif Muna accepts your kill.
Your Dodging skill increases to level 8!
You feel a strong urge to attack something.
Unknown command.
You start resting.
You are no longer berserk.
You are exhausted.
You feel yourself slow down.
You now have 56/60 hp.
You start resting. 50...
You start resting.
Health restored: 60; MP restored: 28 An earth elemental comes into view.
An earth elemental is nearby!
The earth elemental moves out of view.
You are no longer corroded.
You feel yourself speed up.
An earth elemental comes into view.
Okay, then.
You feel yourself speed up.
You are very lightly contaminated with residual magic.
Really attack barehanded? [Y]es or [N]o only, please.
Really attack barehanded?
You strike the helpless earth elemental from behind!
You tentacle-slap the earth elemental. 20...
The earth elemental hits you!!
You take 27 damage, and have 33/60 hp.
MASSIVE DAMAGE!!
You tentacle-slap the earth elemental but do no damage.
You tentacle-slap the earth elemental but do no damage.
You squeeze the earth elemental, but do no damage.
You feel less exhausted.
You tentacle-slap the earth elemental but do no damage.
You squeeze the earth elemental! The earth elemental closely misses you.
You tentacle-slap the earth elemental but do no damage.
You tentacle-slap the earth elemental but do no damage.
The earth elemental hits you!!!
Ouch! That really hurt!
You die...

###∩........8.# #.8........∩###
##....E........###.............##
#⌠..........###..E###..........⌠#
#§..........# #.<.# #..........⌠#
#⌠..........###...###..........⌠#
##.............###.............##
###∩........8.# #.8........∩###
##∩___......###......___∩##
######.8...E@....8.######
#⌠...........⌠# ###...[....[###
#_......._# #_........#
#_......._# #∩.......∩#
##∩.....∩## ##.....##


You could see an earth elemental.

Vanquished Creatures
  3 rust devils (D)
  Sigmund (D)
  2 jellies (D)
  4 oozes (D)
  A dart slug (D)
  An orc (D)
  2 bats (D)
14 creatures vanquished.

Notes
Turn   | Place    | Note
-------+----------+-------------------------------------------
     0 | D        | esc the Octopode Fire Elementalist began the quest for the Orb.
     0 | D        | Reached XP level 1. HP: 11/11 MP: 3/3
     1 | D        | Found a glowing golden altar of the Shining One.
     1 | D        | Found a blossoming altar of Fedhas.
     2 | D        | Found an opulent altar of Gozag.
     3 | D        | Found an iron altar of Okawaru.
     3 | D        | Found an ancient bone altar of Kikubaaqudgha.
     4 | D        | Found Obis's Bee Food.
     4 | D        | Found a snail-covered altar of Cheibriados.
     4 | D        | Found a roughly hewn altar of Beogh.
     4 | D        | Found Obla's Identification Station.
     5 | D        | Found Biec's Jewellery.
     5 | D        | Found Qebyomeys's Advanced Armour.
     5 | D        | Round 1.
    13 | D        | Bought a heavily runed brass ring for 45 gold pieces
    13 | D        | Bought a smoking copper ring for 45 gold pieces
    13 | D        | Bought a vibrating ruby amulet for 45 gold pieces
    13 | D        | Bought a vibrating iron ring for 45 gold pieces
    13 | D        | Identified the amulet "Xiecwil" {rPois rN+ Regen+ MP+9 Str-2} (You bought it in a shop in the Dungeon)
    14 | D        | Identified the ring of Oqacvop {*Corrode MR+ Int+5 Stlth+} (You bought it in a shop in the Dungeon)
    15 | D        | Identified the ring of Darkness {rPois Slay+3 SInv} (You bought it in a shop in the Dungeon)
    16 | D        | Identified the ring "Fuihecyu" {+Blink rF+ MR+ EV+5} (You bought it in a shop in the Dungeon)
    20 | D        | Found a corrupted altar of Lugonu.
    21 | D        | Found a bloodstained altar of Trog.
    22 | D        | Found a radiant altar of Vehumet.
    23 | D        | Found Viteattoxo's Premium Goods.
    24 | D        | Found Tinn's Miscellaneous Merchandise.
    24 | D        | Found Ytiacren's Basic Armour.
    25 | D        | Found a glowing silver altar of Zin.
    25 | D        | Found a deep blue altar of Sif Muna.
    25 | D        | Found Xodat's Weapon Rack.
    29 | D        | Found a hide-covered altar of Uskayaw.
    33 | D        | Became a worshipper of Sif Muna the Loreminder
    63 | D        | Found a viscous altar of Jiyva.
    65 | D        | Noticed Sigmund
    80 | D        | Found a shimmering altar of Xom.
    93 | D        | Found a burning altar of Makhleb.
    95 | D        | Found a shadowy altar of Dithmenos.
    95 | D        | Found a basalt altar of Yredelemnul.
    95 | D        | Found a stormy altar of Qazlal.
    95 | D        | Found Ijodamoi's Magic Scroll Shop.
    95 | D        | Found Muil's Staff Store.
    98 | D        | Found Estiym's Magic Scroll Shop.
    98 | D        | Found Sulaun Xeivu's Must-Have Magic.
   134 | D        | Killed Sigmund
   134 | D        | Reached * piety under Sif Muna
   134 | D        | Reached ** piety under Sif Muna
   134 | D        | Reached skill level 4 in Fighting
   134 | D        | Reached skill level 5 in Dodging
   134 | D        | Reached skill level 4 in Spellcasting
   134 | D        | Reached skill level 4 in Conjurations
   134 | D        | Reached skill level 5 in Fire Magic
   134 | D        | Reached XP level 2. HP: 15/22 MP: 6/7
   134 | D        | Reached XP level 3. HP: 18/27 MP: 6/9
   134 | D        | Reached XP level 4. HP: 22/33 MP: 6/10
   134 | D        | Reached XP level 5. HP: 25/37 MP: 6/12
   165 | D        | Arena points: 12 (+12) [x2]
   188 | D        | Round 2.
   209 | D        | Learned a level 2 spell: Throw Flame
   212 | D        | Reached skill level 5 in Spellcasting
   212 | D        | Reached skill level 5 in Conjurations
   220 | D        | Reached skill level 6 in Fire Magic
   220 | D        | Reached XP level 6. HP: 45/45 MP: 6/14
   226 | D        | Found a sacrificial altar of Ru.
   227 | D        | Found Supudiodgh's Distillery.
   227 | D        | Found Widoycky's Do-It-Yourself Clinic.
   228 | D        | Found Mosunty's Distillery.
   228 | D        | Found Nibef's Bottled Wisdom.
   248 | D        | Arena points: 54 (+42) [x3]
   248 | D        | Reached *** piety under Sif Muna
   248 | D        | Reached skill level 5 in Fighting
   258 | D        | Bought a pitted lead ring for 45 gold pieces
   258 | D        | Bought a coiled ivory ring for 45 gold pieces
   258 | D        | Identified the ring of Balance {Str+6 Dex+6 Slay+5 Stlth+} (You bought it in a shop in the Dungeon)
   259 | D        | Identified the ring "Koreziq" {rCorr rC+ Str+2 Dex+8 Slay-2} (You bought it in a shop in the Dungeon)
   295 | D        | Round 3.
   296 | D        | Noticed a rust devil
   296 | D        | Noticed a rust devil
   318 | D        | Killed a rust devil
   318 | D        | Reached skill level 6 in Fighting
   318 | D        | Reached skill level 7 in Dodging
   318 | D        | Reached skill level 6 in Spellcasting
   318 | D        | Reached skill level 6 in Conjurations
   318 | D        | Reached skill level 7 in Fire Magic
   318 | D        | Reached skill level 3 in Invocations
   318 | D        | Reached XP level 7. HP: 52/52 MP: 16/16
   320 | D        | Killed a rust devil
   320 | D        | Reached **** piety under Sif Muna
   320 | D        | Reached skill level 7 in Fighting
   320 | D        | Reached skill level 7 in Spellcasting
   320 | D        | Reached skill level 7 in Conjurations
   320 | D        | Reached skill level 8 in Fire Magic
   320 | D        | Reached skill level 5 in Invocations
   320 | D        | Reached XP level 8. HP: 60/60 MP: 18/18
   378 | D        | Noticed a rust devil
   400 | D        | Killed a rust devil
   400 | D        | Reached skill level 8 in Dodging
   431 | D        | Slain by an earth elemental

Vault maps used:
D:        arena_sprint

Skill      XL: |  1  2  3  4  5  6  7  8 |
---------------+-------------------------+-----
Fighting       | 4 6 7 |  7.5
Dodging        | 5 7 8 |  8.1
Spellcasting   | 4 5 6 7 |  7.4
Conjurations   | 4 5 6 7 |  7.8
Fire Magic     | 5 6 7 8 |  8.4
Invocations    | 3 5 |  5.9
Stealth        | |  2.6

Action                   |  1- 3 |  4- 6 |  7- 9 || total
-------------------------+-------+-------+-------++-------
Melee: Unarmed           |       |       |     9 ||     9
       Tentacles         |       |       |     3 ||     3
       Constrict         |       |       |     1 ||     1
 Cast: Flame Tongue      |    19 |     7 |       ||    26
       Throw Flame       |       |     7 |       ||     7
Evoke: Wand              |       |     6 |     4 ||    10
  Use: Potion            |     1 |       |     2 ||     3
 Stab: Distracted        |       |       |     1 ||     1
Armor: Skin              |     1 |       |       ||     1
Dodge: Dodged            |    17 |       |     1 ||    18

Vault maps used:
D:        arena_sprint

Table legend:
 A = Turns spent in this place as a percentage of turns spent in the entire game.
 B = Non-inter-level travel turns spent in this place as a percentage of non-inter-level travel turns spent in the entire game.
 C = Inter-level travel turns spent in this place as a percentage of turns spent in this place.
 D = Turns resting spent in this place as a percentage of non-inter-level travel turns spent in this place.
 E = Turns spent auto-exploring this place as a percentage of non-inter-level travel turns spent in this place.
 F = Non-inter-level travel turns spent in this place divided by the number of levels of this place that you've seen.
                   A       B       C       D       E      F
               +-------+-------+-------+-------+-------+----------------------
         Total | 100.0 | 100.0 |   0.0 |   5.0 |   0.3 | 362.0
       Dungeon | 100.0 | 100.0 |   0.0 |   5.0 |   0.3 | 362.0
               +-------+-------+-------+-------+-------+----------------------

Table legend:
 A = Kills in this place as a percentage of kills in entire the game.
 B = Kills by you in this place as a percentage of kills by you in the entire game.
 C = Kills by friends in this place as a percentage of kills by friends in the entire game.
 D = Other kills in this place as a percentage of other kills in the entire game.
 E = Experience gained in this place as a percentage of experience gained in the entire game.
 F = Experience gained in this place divided by the number of levels of this place that you have seen.
                   A       B       C       D       E      F
               +-------+-------+-------+-------+-------+----------------------
         Total | 100.0 | 100.0 |  -nan |  -nan | 100.0 | 1714.0
       Dungeon | 100.0 | 100.0 |  -nan |  -nan | 100.0 | 1714.0
               +-------+-------+-------+-------+-------+----------------------
